Map: [ESL] Post-Youth

Players

Future

  • Race: Terran Terran
  • Spawn Location: 1:00

Scarlett - Winner!

  • Race: Zerg Zerg
  • Spawn Location: 7:00

Event: ESL SC2 Masters 2024 Spring (Regional)

VOD

Have the link to the VOD?

Description

Time

  • Played on: May 3, 2024, 4:18 p.m.
  • Length: 17:40

All games in this series

Show
View Real Time Build Order
Export as new Build Order

Future Terran 

Build Orders: Hellion Opening 

Get SALT Encoding   

  12  0:00  SCV  
  13  0:12  SCV  
  14  0:17  Supply Depot  
  14  0:24  SCV  
  15  0:39  SCV, Barracks  
  16  0:51  SCV  
  16  0:52  Refinery  
  17  1:03  SCV  
  18  1:15  SCV  
  19  1:25  Marine  
  19  1:27  Orbital Command  
  20  1:39  Command Center  
  20  1:43  Marine  
  21  1:52  SCV  
  22  1:54  Supply Depot  
  22  2:04  SCV  
  22  2:07  Factory  
  23  2:12  Barracks Reactor  
  23  2:17  SCV  
  24  2:23  Refinery  
  24  2:29  SCV  
  25  2:41  SCV  
  26  2:52  Orbital Command  
  26  2:53  SCV  
  26  2:56  Starport  
  26  2:57  Hellion x2  
  31  3:01  Barracks Tech Lab  
  31  3:05  SCV  
  32  3:17  SCV x2  
  34  3:20  Hellion  
  34  3:21  Hellion  
  34  3:22  Supply Depot  
  34  3:25  Marauder  
  40  3:29  SCV x2  
  42  3:34  Viking  
  44  3:41  SCV x2  
  44  3:44  Hellion  
  44  3:46  Hellion  
  50  3:48  Supply Depot  
  50  3:52  Stimpack  
  50  3:54  SCV  
  51  3:56  SCV  
  52  4:05  Supply Depot  
  52  4:09  Liberator  
  52  4:11  SCV x2  
  52  4:14  Hellion  
  52  4:15  Hellion  
  61  4:22  Supply Depot  
  61  4:23  SCV  
  62  4:27  SCV  
  63  4:36  Command Center  
  63  4:38  SCV  
  63  4:39  SCV  
  63  4:43  Barracks, Factory Reactor  
  65  4:48  Supply Depot  
  65  4:50  SCV  
  65  4:51  SCV  
  67  4:52  Barracks  
  67  4:56  Refinery  
  67  5:01  Refinery, Marine  
  67  5:02  SCV  
  67  5:03  SCV  
  55  5:15  SCV x2  
  55  5:19  Marine  
  54  5:21  Engineering Bay x2  
  54  5:27  SCV x2  
  56  5:30  Barracks, Marine  
  56  5:31  Marine  
  56  5:32  Barracks  
  56  5:34  Factory Tech Lab  
  58  5:39  SCV x2, Combat Shield  
  60  5:48  Terran Infantry Weapons Level 1, Terran Infantry Armor Level 1  
  60  5:49  Marine x3  
  62  5:50  Marine  
  62  5:52  SCV x2  
  62  5:54  Siege Tank  
  69  5:58  Starport Reactor  
  69  6:04  SCV x2  
  69  6:07  Marine x2  
  69  6:08  Marine x2  
  69  6:11  Starport Reactor, Orbital Command  
  75  6:17  SCV, Supply Depot  
  76  6:19  SCV  
  77  6:25  Barracks Reactor x2  
  77  6:29  SCV  
  77  6:30  Siege Tank  
  77  6:31  SCV, Armory  
  77  6:32  Supply Depot, Marine x3  
  83  6:33  Marine  
  83  6:37  SCV  
  87  6:41  SCV  
  87  6:42  Supply Depot x2  
  87  6:43  SCV, Marine  
  90  6:50  Medivac x2, Marine  
  90  6:53  SCV x2  
  97  6:54  Marine  
  97  6:55  SCV  
  97  6:56  Marine x2  
  97  6:59  Refinery  
  97  7:01  Refinery, Marine  
  101  7:05  Supply Depot  
  101  7:06  Supply Depot, Marine x4  
  106  7:10  Siege Tank  
  106  7:12  Marine  
  110  7:18  Supply Depot  
  110  7:19  Supply Depot, Marine  
  110  7:20  Marine x3  
  114  7:23  Marine  
  114  7:24  Marine  
  114  7:25  Medivac x2  
  120  7:30  Marine  
  120  7:31  Marine, Factory  
  120  7:36  Marine  
  123  7:42  Concussive Shells, Siege Tank, Marauder, Marine x2  
  130  7:47  Supply Depot  
  130  7:48  Marine  
  130  7:49  Marine  
  130  7:50  Marine  
  133  7:53  Terran Infantry Weapons Level 2  
  133  7:57  Terran Infantry Armor Level 2  
  133  8:00  Marine x3  
  133  8:01  Marine  
  133  8:02  Medivac  
  133  8:05  Marine x2  
  139  8:06  Marine  
  126  8:24  Siege Tank, Marine x6  
  126  8:25  Factory Tech Lab, Marine  
  114  8:30  Command Center  
  114  8:39  SCV x2  
  115  8:44  Barracks x2  
  115  8:45  Siege Tank  
  118  8:48  Barracks  
  118  8:55  SCV x2  
  117  8:57  Siege Tank  
  120  9:04  Medivac x2  
  120  9:06  SCV  
  120  9:07  SCV  
  122  9:18  Siege Tank  
  124  9:29  Siege Tank, Ghost Academy  
  127  9:34  Barracks Tech Lab  
  127  9:37  Missile Turret  
  127  9:38  Sensor Tower  
  127  9:39  Barracks Tech Lab x2  
  127  9:50  Siege Tank  
  127  9:51  Armory  
  130  9:54  SCV x3  
  130  9:58  Marauder x3  
  130  9:59  Marauder  
  141  10:01  Siege Tank, Marine  
  141  10:02  Marine x4  
  149  10:10  Marine x3  
  151  10:19  Marauder, Marine  
  151  10:20  Marauder  
  153  10:21  SCV x2  
  153  10:22  Siege Tank  
  153  10:33  Siege Tank  
  153  10:35  SCV  
  157  10:43  Ghost x3  
  157  10:44  Ghost  
  165  10:54  Siege Tank, Marine  
  158  11:05  Marine  
  158  11:08  Marine x2  
  158  11:09  Marine  
  157  11:14  Supply Depot  
  157  11:15  Supply Depot  
  157  11:16  Supply Depot  
  153  11:23  Supply Depot  
  153  11:24  Supply Depot  
  149  11:31  Terran Infantry Weapons Level 3  
  149  11:36  SCV, Siege Tank  
  149  11:37  Marine x3, Marauder x2  
  149  11:38  Siege Tank, Marauder  
  165  11:45  SCV x2, Marauder  
  165  11:46  Supply Depot  
  169  11:47  Supply Depot  
  169  11:48  SCV  
  169  11:50  Supply Depot, Terran Vehicle Weapons Level 1  
  170  11:55  Engineering Bay  
  170  11:56  Viking x2  
  170  11:57  SCV x2  
  176  12:10  Command Center  
  176  12:14  Siege Tank x2  
  171  12:27  Missile Turret  
  171  12:29  Ghost x3  
  177  12:40  Viking  
  177  12:41  Viking  
  181  12:47  Terran Infantry Armor Level 3  
  181  12:51  Siege Tank x2  
  180  13:07  Missile Turret  
  180  13:18  Ghost x2  
  165  13:44  Orbital Command  
  165  13:46  Refinery  
  165  13:57  Thor  
  168  14:06  Personal Cloaking  
  170  14:17  Refinery  
  170  14:18  Refinery  
  142  14:39  Command Center  
  148  14:47  Ghost x3  
  148  14:48  Ghost  
  139  15:05  Marine  
  139  15:06  Marine x5  
  136  15:16  Marauder  
  136  15:17  Marauder  
  136  15:20  Ghost x2  
  140  15:35  Marine x3  
  141  15:36  Marine  
  141  15:37  Ghost  
  141  15:38  Marauder  
  148  15:49  Marauder  
  146  16:06  Marauder x2  
  149  16:12  Marauder  
  150  16:25  Marauder  
  150  16:30  Viking  
  131  16:37  Viking  
  131  16:38  Marauder  
  99  17:04  Marine x3  
  99  17:05  Marine x2  
  100  17:13  Marine  
Show
View Real Time Build Order
Export as new Build Order

Scarlett Zerg - Winner!

Build Orders: Hatch First 

Get SALT Encoding   

  12  0:00  Drone  
  13  0:12  Overlord  
  13  0:17  Drone  
  14  0:30  Drone x2  
  16  0:48  Hatchery  
  15  0:51  Drone  
  15  0:55  Drone  
  17  0:59  Drone  
  18  1:08  Extractor  
  17  1:14  Spawning Pool  
  17  1:18  Drone  
  17  1:22  Drone  
  18  1:28  Drone  
  19  1:38  Drone  
  20  1:49  Drone  
  21  2:01  Queen x2  
  21  2:02  Zergling x4  
  27  2:11  Overlord, Drone  
  28  2:26  Hatchery  
  28  2:28  Drone  
  28  2:30  Drone  
  28  2:32  Drone  
  28  2:33  Drone  
  31  2:40  Queen  
  31  2:43  Overlord  
  33  2:46  Drone  
  33  2:51  Metabolic Boost  
  34  2:55  Drone x2  
  36  3:05  Overlord  
  36  3:06  Drone  
  36  3:09  Drone x4  
  36  3:10  Drone  
  42  3:14  Drone  
  42  3:16  Drone  
  44  3:23  Queen  
  44  3:26  Overlord  
  46  3:29  Queen  
  48  3:37  Drone x2  
  48  3:39  Queen  
  52  3:43  Drone x3  
  55  3:48  Drone x4  
  59  3:57  Baneling Nest  
  59  3:58  Queen  
  60  4:04  Extractor  
  60  4:06  Drone x3, Queen  
  63  4:10  Drone x2  
  63  4:12  Overlord  
  65  4:17  Overlord x2  
  65  4:19  Overlord  
  65  4:26  Overlord, Spore Crawler  
  65  4:28  Overlord  
  64  4:32  Zergling x2  
  64  4:36  Zergling x6  
  64  4:37  Zergling x4  
  70  4:39  Queen  
  70  4:41  Drone x4  
  76  4:48  Lair  
  76  4:53  Drone x3  
  79  5:01  Zergling x2  
  79  5:02  Zergling x10  
  78  5:07  Evolution Chamber  
  72  5:17  Drone x8  
  72  5:20  Spore Crawler  
  79  5:22  Evolution Chamber, Drone x4  
  79  5:23  Evolution Chamber  
  79  5:25  Drone  
  82  5:29  Drone  
  82  5:33  Hatchery  
  82  5:37  Extractor x2  
  82  5:38  Drone x4  
  82  5:41  Extractor  
  83  5:43  Drone x4  
  83  5:49  Zerg Melee Weapons Level 1, Extractor  
  86  5:50  Zerg Ground Armor Level 1  
  86  5:55  Centrifugal Hooks  
  86  5:56  Overlord, Drone  
  86  5:57  Drone x2  
  89  6:05  Drone x8  
  89  6:10  Zergling x2  
  98  6:12  Hydralisk Den  
  97  6:20  Drone x3  
  97  6:24  Drone x3  
  103  6:29  Zergling x8  
  103  6:30  Baneling x7  
  103  6:31  Hatchery  
  106  6:36  Zergling x4  
  108  6:42  Drone x5  
  108  6:46  Grooved Spines  
  108  6:47  Hydralisk  
  113  6:50  Extractor  
  113  6:51  Hydralisk x3  
  120  6:56  Baneling x11  
  120  6:58  Overlord  
  120  7:02  Overlord x3  
  120  7:07  Overlord x2  
  120  7:17  Hydralisk  
  120  7:18  Hydralisk x3  
  120  7:21  Hydralisk x5  
  138  7:24  Hydralisk  
  138  7:25  Zergling x10  
  138  7:29  Hydralisk x2  
  147  7:30  Zergling x4  
  147  7:34  Drone  
  147  7:35  Hydralisk  
  147  7:36  Zergling x8, Muscular Augments  
  158  7:42  Overlord  
  157  7:44  Hydralisk x2  
  157  7:46  Overlord x2  
  157  7:47  Hydralisk x2  
  165  7:54  Zergling x16  
  165  7:55  Baneling  
  165  7:56  Baneling x5  
  173  7:59  Zerg Missile Weapons Level 1  
  173  8:03  Overlord  
  173  8:04  Zergling x10  
  173  8:05  Baneling x2  
  176  8:19  Zergling x28  
  174  8:21  Zergling x2  
  174  8:26  Infestation Pit  
  174  8:27  Zerg Ground Armor Level 2  
  171  8:29  Drone x6  
  177  8:35  Hatchery  
  177  8:40  Drone x7  
  183  8:43  Spore Crawler  
  183  8:45  Hydralisk x4  
  183  8:46  Zergling x2  
  191  8:54  Zergling x8  
  195  8:57  Overlord  
  195  8:58  Burrow, Pneumatized Carapace  
  195  9:03  Baneling x23  
  195  9:16  Zergling x16  
  192  9:31  Hive  
  187  9:42  Zergling x26  
  199  9:54  Spore Crawler  
  197  10:01  Zerg Missile Weapons Level 2  
  197  10:11  Zergling x6  
  198  10:19  Zergling x10  
  197  10:24  Hatchery  
  197  10:25  Hatchery  
  184  10:42  Zerg Melee Weapons Level 2  
  184  10:46  Adrenal Glands, Viper x2  
  184  10:49  Zergling x20  
  200  10:54  Hatchery  
  187  11:00  Zergling x48  
  191  11:06  Zergling x12  
  191  11:10  Spire  
  192  11:18  Zergling x18  
  183  11:19  Baneling x32  
  183  11:24  Zergling x16  
  186  11:31  Zergling x2  
  187  11:38  Zergling x24, Hatchery  
  192  11:55  Drone  
  192  11:56  Zergling x14  
  198  12:12  Hydralisk x8  
  198  12:13  Zergling x2  
  199  12:20  Extractor  
  199  12:21  Extractor  
  199  12:22  Hatchery  
  196  12:23  Drone x3  
  196  12:24  Baneling x12  
  196  12:25  Baneling x8  
  199  12:34  Overlord x3  
  191  12:37  Overlord  
  191  12:40  Drone x2  
  191  12:41  Zergling x18  
  200  12:44  Greater Spire  
  200  12:45  Zerg Ground Armor Level 3  
  197  12:57  Zergling x32  
  199  13:03  Zergling x16  
  196  13:19  Zergling x70  
  197  13:22  Baneling x8  
  197  13:23  Baneling x25  
  193  13:32  Zergling x14  
  198  13:42  Zergling x4  
  199  13:49  Zerg Melee Weapons Level 3  
  199  14:01  Zergling x2  
  199  14:02  Zergling x26  
  199  14:04  Zerg Flyer Weapons Level 1  
  199  14:14  Overseer x3  
  199  14:15  Overlord x2  
  158  14:25  Zergling x84  
  158  14:28  Zergling x6  
  191  14:31  Baneling x4  
  191  14:32  Baneling x20  
  191  14:40  Zergling x18  
  179  15:02  Corruptor x5  
  153  15:14  Hydralisk  
  153  15:15  Hydralisk x14, Zergling x28  
  193  15:26  Zergling x24  
  192  15:37  Brood Lord x4  
  199  15:44  Brood Lord  
  184  16:12  Overseer  
  184  16:13  Infestor  
  184  16:14  Infestor x2  
  189  16:20  Drone x6  
  189  16:24  Overlord x2  
  189  16:25  Overseer  
  178  16:37  Zergling x2  
  178  16:38  Zergling x56  
  192  16:42  Hatchery  
  188  16:49  Zergling x24  
  169  17:04  Hydralisk  
  169  17:05  Zergling x36  
  169  17:06  Baneling x13  
  190  17:12  Baneling  
  190  17:13  Zergling x14, Baneling x6  
  185  17:18  Zergling x2  
  185  17:19  Zergling x6  
Tags
 
Add a new tag
Caveats
  • Supply blocks, unpowered buildings, or Contaminate may cause inaccurate times.
  • Supply counts are checked every 10 seconds.